 Dungeon Crawl Stone Soup version 0.22-a0-396-g3f858e3 (webtiles) character file.

10019 Borgoz the Protected (level 11, -15/95 HPs)
             Began as a Minotaur Abyssal Knight on May 3, 2018.
             Was an Elder of Lugonu.
             Demolished by a minotaur (25 damage)
             ... in a labyrinth.
             The game lasted 00:26:47 (11279 turns).

Borgoz the Protected (Minotaur Abyssal Knight)     Turns: 11279, Time: 00:26:48

Health: -15/95     AC: 12    Str: 21    XL:     11   Next: 30%
Magic:  15/15      EV: 14    Int: 12    God:    Lugonu [****..]
Gold:   572        SH:  0    Dex: 14    Spells: 10/10 levels left

rFire    + . .     SeeInvis .   a - +1 hand axe (elec)
rCold    . . .     Gourm    .   (no shield)
rNeg     . . .     Faith    .   O - +0 scale mail
rPois    .         Spirit   .   l - +1 hat {Int+3}
rElec    .         Reflect  .   J - +1 cloak
rCorr    .         Harm     .   (no gloves)
MR       .....                  (no boots)
Stlth    ..........             y - amulet of the acrobat
HPRegen  0.25/turn              (no ring)
MPRegen  0.14/turn              n - ring of protection from fire

@: confused, mighty
A: retaliatory headbutt, horns 2
a: Depart the Abyss, Bend Space, Banish, Corrupt, Renounce Religion


You were in a labyrinth.
You worshipped Lugonu.
Lugonu was greatly pleased with you.
You were not hungry.

You visited 2 branches of the dungeon, and saw 12 of its levels.
You visited the Abyss 1 time.
You also visited: Labyrinth.

You collected 572 gold pieces.

Inventory:

Hand Weapons
 a - a +1 hand axe of electrocution (weapon)
Armour
 l - a +1 hat of intelligence (worn)
 J - a +1 cloak (worn)
 O - a +0 scale mail (worn)
Jewellery
 f - an uncursed ring of teleportation
 n - a ring of protection from fire (right hand)
 x - an uncursed ring of flight
 y - an amulet of the acrobat (around neck)
 I - an uncursed amulet of the acrobat
 K - a cursed ring of loudness {unknown}
 L - an uncursed amulet of rage
Wands
 q - a wand of acid (12)
 D - a wand of digging (17)
 F - a wand of iceblast (14)
 M - a wand of enslavement (14)
 N - a wand of polymorph (11)
 P - a wand of clouds (4)
Scrolls
 b - 6 scrolls of remove curse
 d - 2 scrolls of amnesia
 g - 2 scrolls of fear {unknown}
 i - a scroll of random uselessness
 o - a scroll of blinking {unknown}
 p - 5 scrolls of enchant armour
 s - 2 scrolls of fog {unknown}
 t - 3 scrolls of immolation
 u - 2 scrolls of enchant weapon
 v - 4 scrolls of magic mapping
 w - 7 scrolls of teleportation
 G - a scroll of torment {unknown}
 H - a scroll of summoning {unknown}
Potions
 h - 2 potions of brilliance
 j - a potion of ambrosia
 m - a potion of flight
 r - 2 potions of magic
 z - 2 potions of might
 A - 2 potions of cancellation
 B - a potion of agility
 C - 3 potions of curing
 Q - a potion of invisibility {unknown}
Comestibles
 c - 28 rations


   Skills:
 + Level 8.9 Fighting
 * Level 11.5 Axes
 * Level 11.5 Armour
 + Level 7.4 Dodging
 + Level 7.0 Invocations


You had 10 spell levels left.
You didn't know any spells.

Dungeon Overview and Level Annotations

Branches:
Dungeon (11/15)            Temple (0/1) D:6            Lair (1/6) D:9
    Orc: D:9-12

Altars:
Cheibriados
Dithmenos
Hepliaklqana
Kikubaaqudgha
Nemelex Xobeh
Ru
Zin

Shops:
D:6 (   D:8 }

Annotations:
D:9 Psyche


Innate Abilities, Weirdness & Mutations

You reflexively headbutt those who attack you in melee.
You have a pair of horns on your head.


Message History

The minotaur is moderately wounded.
The minotaur hits you!! The minotaur gores you.
You hit the minotaur but do no damage.
The minotaur is moderately wounded.
The minotaur misses you. The minotaur completely misses you.
You hit the minotaur. You headbutt the minotaur!
The minotaur is heavily wounded.
The minotaur hits you!
* * * LOW HITPOINT WARNING * * *
The minotaur misses you.
You hit the minotaur. Your headbutt misses the minotaur.
The minotaur is heavily wounded.
You slash the minotaur!
The minotaur is severely wounded.
The minotaur hits you!!
* * * LOW HITPOINT WARNING * * *
The minotaur closely misses you.
You are confused.
You feel invigorated. The minotaur hits you!!
You die...

. ## ## ## # # . .
## ▓ . . . . #. .#
#### # # # ### # #.
. .#.# . . # #. # #
# #### # ▓ ..#. .
#.. ###. . #
#.#<### ### . .. #
#.H.# .# ▓ # # #.
.#@##### ##### . #
. .#......... .#
#.#############.#.#
....... ... .# # #
### #### #.### #
....# ###.### #.#
#.#


You could see a minotaur.

Vanquished Creatures
  Harold (Lair:1)
  Maurice (D:8)
  A centaur skeleton (D:9)
  A troll (D:9)
  Prince Ribbit (D:9)
  A hippogriff (D:10)
  Sigmund (D:3)
  3 yaks (D:8)
  2 hungry ghosts
  Menkaure (D:5)
  3 wargs (D:10)
  A porcupine (Lair:1)
  3 sky beasts (D:5)
  4 ice beasts
  6 orc warriors
  2 phantoms
  8 ogres
  A crocodile (D:11)
  5 centaurs
  A big kobold (D:9)
  7 bullfrogs
  3 scorpions
  3 howler monkeys (D:9)
  3 electric eels (D:10)
  2 crimson imps
  2 jellies
  3 bullfrog zombies
  4 orc priests
  7 hounds
  Jessica (D:9)
  3 iguanas
  8 orc wizards
  13 worker ants
  A hound zombie (D:5)
  A hound skeleton (D:5)
  A worker ant zombie (D:5)
  7 gnolls
  12 adders
  A howler monkey skeleton (D:4)
  2 shadow imps
  2 adder zombies
  2 oozes
  An adder skeleton (D:7)
  2 dart slugs
  5 leopard geckos
  22 orcs
  6 giant cockroaches
  3 goblins (D:3)
  6 hobgoblins
  5 quokkas
  8 bats
  3 frilled lizards
  A giant cockroach zombie (D:6)
  10 kobolds
  2 leopard gecko skeletons
  2 quokka skeletons
  A quokka zombie (D:6)
  6 rats
  4 fungi (D:8)
222 creatures vanquished.

Vanquished Creatures (others)
  A hydra (Lair:1)
  2 two-headed ogres (D:8)
  3 yaks (D:8)
  A leopard gecko (D:10)
7 creatures vanquished.

Grand Total: 229 creatures vanquished

Notes
Turn   | Place    | Note
-------+----------+-------------------------------------------
     0 | Abyss:1  | Borgoz the Minotaur Abyssal Knight began the quest for the Orb.
     0 | Abyss:1  | Reached XP level 1. HP: 19/19 MP: 1/1
    26 | Abyss:1  | Noticed a large abomination
    27 | D:1      | Escaped the Abyss
   280 | D:1      | Reached XP level 2. HP: 27/27 MP: 2/2
   286 | D:1      | Reached * piety under Lugonu
   819 | D:2      | Found a glowing silver altar of Zin.
   843 | D:2      | Found a sacrificial altar of Ru.
   973 | D:2      | Found an ancient bone altar of Kikubaaqudgha.
  1099 | D:2      | Reached XP level 3. HP: 32/33 MP: 3/3
  1171 | D:2      | Found a sparkling altar of Nemelex Xobeh.
  1314 | D:3      | Noticed Sigmund
  1329 | D:3      | Killed Sigmund
  1329 | D:3      | Reached XP level 4. HP: 37/41 MP: 3/5
  1329 | D:3      | Reached XP level 5. HP: 43/47 MP: 3/6
  1506 | D:3      | Reached XP level 6. HP: 53/53 MP: 7/7
  1543 | D:3      | Found a shadowy altar of Dithmenos.
  1874 | D:3      | Reached ** piety under Lugonu
  2197 | D:4      | Reached skill level 5 in Axes
  2214 | D:4      | Reached skill level 5 in Armour
  2404 | D:4      | Reached XP level 7. HP: 51/60 MP: 8/8
  2836 | D:5      | Entered Level 5 of the Dungeon
  2852 | D:5      | Noticed Menkaure
  2860 | D:5      | Killed Menkaure
  2860 | D:5      | Reached skill level 5 in Fighting
  3156 | D:5      | Reached XP level 8. HP: 56/69 MP: 9/9
  3550 | D:5      | Reached *** piety under Lugonu
  4086 | D:6      | Found Bieziwne's Weapon Emporium.
  4223 | D:6      | Found a staircase to the Ecumenical Temple.
  4843 | D:6      | Found an ancient bone altar of Kikubaaqudgha.
  4956 | D:7      | Found a hazy altar of Hepliaklqana.
  5181 | D:7      | Reached XP level 9. HP: 77/77 MP: 11/11
  5474 | D:7      | Found a snail-covered altar of Cheibriados.
  5663 | D:8      | Reached skill level 5 in Dodging
  5664 | D:8      | Reached skill level 5 in Invocations
  5802 | D:8      | Noticed a two-headed ogre
  5809 | D:8      | Banished a two-headed ogre
  6380 | D:8      | Found Yptang's Gadget Emporium.
  6476 | D:8      | Reached XP level 10. HP: 86/86 MP: 13/13
  6654 | D:8      | Noticed a two-headed ogre
  6658 | D:8      | Noticed Maurice
  6658 | D:8      | Banished a two-headed ogre
  6721 | D:8      | Killed Maurice
  6947 | D:9      | Found a staircase to the Lair.
  7027 | D:9      | Reached skill level 10 in Axes
  7027 | D:9      | Reached skill level 10 in Armour
  7066 | D:9      | Found a sparkling altar of Nemelex Xobeh.
  7067 | D:9      | Noticed Jessica
  7069 | D:9      | Killed Jessica
  7172 | D:9      | Reached **** piety under Lugonu
  7354 | D:9      | Noticed Prince Ribbit
  7368 | D:9      | Killed Prince Ribbit
  7689 | D:9      | Noticed Psyche
  8340 | D:10     | Entered Level 10 of the Dungeon
  8354 | D:10     | Got a jewelled ring mail
  8393 | D:9      | Identified the cursed +0 ring mail of Vehumet's Outrage {*Corrode MR+ MP+9 Stlth+} (You found it on level 10 of the Dungeon)
  9666 | D:10     | Reached XP level 11. HP: 59/95 MP: 15/15
 10236 | D:11     | Reached ***** piety under Lugonu
 10307 | D:11     | Noticed a two-headed ogre
 10309 | D:11     | Banished a two-headed ogre
 10596 | Lair:1   | Entered Level 1 of the Lair of Beasts
 10596 | Lair:1   | Found a labyrinth entrance.
 10602 | Lair:1   | Noticed Harold
 10619 | Lair:1   | Killed Harold
 10620 | Lair:1   | Noticed a six-headed hydra
 10626 | Lair:1   | HP: 4/95 [six-headed hydra (7)]
 10627 | Lair:1   | Banished a six-headed hydra
 10899 | Lab      | Entered a labyrinth
 11269 | Lab      | Noticed a minotaur
 11279 | Lab      | Demolished by a minotaur

Vault maps used:
D:1:      evilmike_arrival_crescent
D:2:      kiku_gazebo_garden_becter, overflow_temple_1_default,
          lemuel_doored_altar, lemuel_coloured_pillars_altar
D:3:      lemuel_round_altar, uniq_sigmund
D:4:      minmay_bisected
D:5:      minmay_opposing_rooms, first_ration, uniq_menkaure
D:6:      minmay_temple_entry_overgrown, serial_shops, nicolae_shop_trees,
          basic_altar
D:7:      lemuel_crystal_altar, kennysheep_little_box
D:8:      serial_shops, nicolae_shop_trees, grunt_ogre_cave, water_boxes_lemuel,
          uniq_maurice
D:9:      lair_entry_dummy, serial_co_window_serial, co_window_of_opportunity_a,
          co_window_paths_a, co_window_of_opportunity_a, co_window_paths_a,
          co_window_paths_a, co_window_paths_c, co_window_2corner,
          co_window_of_opportunity_c, co_window_4corner_b, co_window_paths_d,
          nemelex_lonely_heart_becter, uniq_psyche, uniq_prince_ribbit1
D:10:     cheibrodos_helix_gallery, serial_glass, glass_columns_a,
          glass_columns_b, grunt_decor_arrowhead, nooodl_orcs_dogs
D:11:     minmay_st_funbox
Lair:1:   lab_entry_generic, uniq_harold
Lab:      labyrinth_skeletal_remains, nicolae_lab_blocks

Skill      XL: |  1  2  3  4  5  6  7  8  9 10 11 |
---------------+----------------------------------+-----
Invocations    | 2 3 4 5 6 7 |  7.0
Axes           | 3 4 5 6 7 9 11 | 11.5
Armour         | 3 4 5 6 7 9 11 | 11.5
Fighting       | 4 5 6 7 8 |  8.9
Dodging        | 2 3 4 6 7 |  7.4

Action                   |  1- 3 |  4- 6 |  7- 9 | 10-12 || total
-------------------------+-------+-------+-------+-------++-------
Melee: Hand axe          |    63 |   102 |   229 |   309 ||   703
       Headbutt          |    10 |    21 |    49 |    58 ||   138
Invok: Depart the Abyss  |     1 |       |       |       ||     1
       Banish            |       |       |     4 |     5 ||     9
 Abil: Evoke Flight      |       |       |       |     2 ||     2
  Use: Scroll            |       |       |       |    22 ||    22
       Potion            |       |       |       |     6 ||     6
  Eat: Chunk             |     1 |     4 |    13 |     8 ||    26
       Ration            |       |       |       |     4 ||     4
Armor: Leather armour    |    11 |       |    17 |    18 ||    46
       Chain mail        |    29 |    65 |    59 |       ||   153
       Scale mail        |       |       |       |    52 ||    52
Dodge: Dodged            |    28 |    40 |   113 |   164 ||   345

Table legend:
 A = Spawn XP
 B = Non-spawn XP
 C = Spawn XP percentage of total XP
 D = Spawn monster count
 E = Non-spawn monster count
 F = Spawn count percentage of total count
 G = Total turns spent on level
                    A         B        C        D         E        F      G
               +---------+---------+-------+---------+---------+-------+---------
         Total |       0 |   14314 |   0.0 |       0 |     225 |   0.0 | 11279
               +---------+---------+-------+---------+---------+-------+---------
           D:1 |       0 |      19 |   0.0 |       0 |      11 |   0.0 |   669
           D:2 |       0 |      27 |   0.0 |       0 |      10 |   0.0 |   587
           D:3 |       0 |     360 |   0.0 |       0 |      28 |   0.0 |   872
           D:4 |       0 |     414 |   0.0 |       0 |      15 |   0.0 |   681
           D:5 |       0 |    1432 |   0.0 |       0 |      24 |   0.0 |  1209
           D:6 |       0 |     429 |   0.0 |       0 |      20 |   0.0 |   907
           D:7 |       0 |     334 |   0.0 |       0 |       6 |   0.0 |   627
           D:8 |       0 |    3848 |   0.0 |       0 |      28 |   0.0 |  1433
           D:9 |       0 |    2284 |   0.0 |       0 |      38 |   0.0 |  1404
          D:10 |       0 |    2593 |   0.0 |       0 |      33 |   0.0 |  2055
          D:11 |       0 |     868 |   0.0 |       0 |       9 |   0.0 |   125
        Lair:1 |       0 |    1706 |   0.0 |       0 |       3 |   0.0 |   303
               +---------+---------+-------+---------+---------+-------+---------
